 Dungeon Crawl Stone Soup version 0.17-a0-1951-g62301d3 (webtiles) character file.

2490 derrpe the Cleaver (level 9, -12/86 HPs)
             Began as a Deep Dwarf Fighter on Oct 3, 2015.
             Was a Believer of Yredelemnul.
             Mangled by a large abomination (13 damage)
             ... on level 1 of the Abyss.
             The game lasted 00:14:38 (5607 turns).

derrpe the Cleaver (Deep Dwarf Fighter)             Turns: 5607, Time: 00:14:38

Health: -12/86     AC: 15    Str: 23    XL:     9   Next: 27%
Magic:  6/6        EV:  4    Int:  9    God:    Yredelemnul [**....]
Gold:   361        SH:  9    Dex: 12    Spells: 2 memorised, 4 levels left

rFire  . . .     SeeInvis .     a - +0 war axe
rCold  + . .     Clarity  .     o - +0 plate armour
rNeg   . . .     SustAt   .     c - +0 shield
rPois  .         Gourm    .     z - +2 hat
rElec  .         Spirit   .     (no cloak)
rCorr  .         Warding  .     q - +0 pair of gloves
rMut   .         Stasis   .     C - +0 pair of boots
MR     +....                    (no amulet)
Stlth  ..........               j - +5 ring of slaying
                                k - ring of protection from cold

@: non-regenerating, somewhat resistant to hostile enchantments, extremely
unstealthy
A: damage resistance, recharge devices, talons 1, blurry vision 1, low mp 2,
sense surroundings 2, slow healing 3, MP-powered wands
a: Device Recharging, Animate Remains, Recall Undead Slaves, Injury Mirror,
Renounce Religion


You were on level 1 of the Abyss.
You worshipped Yredelemnul.
Yredelemnul was pleased with you.
You were full.

You visited 1 branch of the dungeon, and saw 7 of its levels.
You visited the Abyss 1 time.

You collected 361 gold pieces.

Inventory:

Hand weapons
 a - a +0 war axe (weapon)
 p - a +0 halberd
 G - a +0 war axe
Missiles
 r - 6 javelins of penetration (quivered)
 v - 3 tomahawks of dispersal
 x - 17 tomahawks
Armour
 c - a +0 shield (worn)
 o - a +0 plate armour (worn)
 q - a +0 pair of gloves (worn)
 z - a +2 hat (worn)
 C - a +0 pair of boots (worn)
Jewellery
 i - an uncursed amulet of stasis
 j - a +5 ring of slaying (right hand)
 k - a ring of protection from cold (left hand)
Magical devices
 e - a wand of heal wounds (2)
 w - a wand of magic darts (18)
 A - a wand of magic darts (20)
Scrolls
 b - a scroll of blinking {unknown}
 g - a scroll of random uselessness {unknown}
 l - a scroll of fog
 t - a scroll of vulnerability {unknown}
 u - a scroll of enchant weapon {unknown}
 y - a scroll of magic mapping {unknown}
 F - a scroll of identify
Potions
 h - a potion of flight
 n - 2 potions of brilliance
Comestibles
 d - a chunk of flesh {@w0}
 f - 5 bread rations {@e1}
 m - 4 meat rations {@e2}
 E - a royal jelly


   Skills:
 + Level 7.0 Fighting
 * Level 11.3 Axes
 - Level 3.2 Armour
 - Level 3.2 Shields


You had 4 spell levels left.
You knew the following spells:

 Your Spells              Type           Power        Failure   Level  Hunger
a - Blink                 Tloc           N/A          100%        2    ###....
b - Repel Missiles        Chrm/Air       #.....       100%        2    ###....


Dungeon Overview and Level Annotations

Branches:
Dungeon (7/15)             Temple (0/1) D:7

Altars:
Dithmenos
Elyvilon
Gozag
Kikubaaqudgha
Nemelex Xobeh
Okawaru
Ru
Xom
Yredelemnul


Innate Abilities, Weirdness & Mutations

You are resistant to damage.
You can recharge devices by infusing magical energy.
You passively map the area around you.
You do not heal naturally.
You have sharp toenails.
Scrolls take you a little longer to read.
Your magical capacity is very low (-20% MP).
You expend magic power (3 MP) to strengthen your wands.


Message History

You feel protected. The large abomination hits you!
* * * LOW HITPOINT WARNING * * *
Unknown command.
Drink which item? (? for menu, Esc to quit)
It was a potion of cancellation.
You feel strangely stable.
Your magical effects are unravelling.
You feel magically purged.
Your resistance to elements expires.
The large abomination hits you!
* * * LOW HITPOINT WARNING * * *
Read which item? (? for menu, Esc to quit)
Really read with blurry vision while enemies are nearby?
The large abomination hits you!
* * * LOW HITPOINT WARNING * * *
You begin reading the scroll.
You continue reading the scroll.
The large abomination hits you!
You die...
Your body rises from the dead as a mindless zombie.

#. # . # #.
..## . # .#.§.
.# §## #. #
..##4# ..
##.#..
#..##X§.. . .##
§...# §. #####
##.#...# .##..#
##....#.### #.
....#..##..##@#
. ...
#..##.##X## #..
###.. . #..##
.#..##.. #..##
. .#
....##.#.##.. .
#
##.#.....#.##..
##.. .#
......## ### ..
####.#..## . .
# ..#..


You could see a large abomination.

Vanquished Creatures
  Joseph (D:7)
  Prince Ribbit (D:6)
  Sigmund (D:4)
  A hippogriff (D:7)
  A water moccasin (D:6)
  3 orc warriors
  2 sky beasts
  2 scorpions (D:4)
  2 crimson imps (D:6)
  A centaur zombie (D:5)
  A jelly (D:6)
  3 centaur skeletons
  A giant frog skeleton (D:5)
  2 iguanas (D:4)
  6 orc priests
  5 orc wizards
  5 worker ants
  A hound skeleton (D:4)
  Robin (D:4)
  5 adders
  8 gnolls
  An adder zombie (D:6)
  2 adder skeletons
  4 worms
  5 giant geckos
  28 orcs
  5 bats
  3 giant cockroaches
  14 hobgoblins
  11 jackals
  6 kobolds
  2 ball pythons (D:4)
  A giant newt (D:4)
  17 goblins
  2 quokkas
  A quokka skeleton (D:4)
  9 rats
164 creatures vanquished.

Notes
Turn   | Place    | Note
--------------------------------------------------------------
     0 | D:1      | derrpe the Deep Dwarf Fighter began the quest for the Orb.
     0 | D:1      | Reached XP level 1. HP: 20/20 MP: 1/1
   198 | D:1      | Reached XP level 2. HP: 24/27 MP: 2/2
  1189 | D:2      | Found a sacrificial altar of Ru.
  1277 | D:2      | Reached XP level 3. HP: 23/34 MP: 3/3
  1729 | D:2      | Reached skill level 4 in Axes
  1733 | D:2      | Reached XP level 4. HP: 8/42 MP: 4/4
  1964 | D:3      | Found an iron altar of Okawaru.
  2158 | D:3      | Reached skill level 5 in Axes
  2158 | D:3      | Reached XP level 5. HP: 18/49 MP: 5/5
  2455 | D:3      | Found a shadowy altar of Dithmenos.
  2652 | D:3      | Found a basalt altar of Yredelemnul.
  2652 | D:3      | Found a sparkling altar of Nemelex Xobeh.
  2656 | D:3      | Became a worshipper of Yredelemnul the Dark
  2802 | D:4      | Noticed Sigmund
  2833 | D:4      | Killed Sigmund
  2833 | D:4      | Reached skill level 6 in Axes
  2833 | D:4      | Reached XP level 6. HP: 57/57 MP: 6/6
  3135 | D:4      | Reached skill level 7 in Axes
  3168 | D:4      | Reached XP level 7. HP: 38/66 MP: 7/7
  3338 | D:4      | Noticed Robin
  3343 | D:4      | Acquired Yredelemnul's first power
  3353 | D:4      | Killed Robin
  3488 | D:4      | Reached skill level 5 in Fighting
  3582 | D:5      | Entered Level 5 of the Dungeon
  3590 | D:5      | Learned a level 2 spell: Blink
  3593 | D:5      | Learned a level 2 spell: Repel Missiles
  3680 | D:5      | Found an opulent altar of Gozag.
  3700 | D:5      | Reached skill level 8 in Axes
  4204 | D:5      | Reached XP level 8. HP: 54/75 MP: 8/8
  4213 | D:5      | Gained mutation: You have sharp toenails. [mutagenic meat]
  4357 | D:6      | Reached skill level 9 in Axes
  4471 | D:6      | Found an ancient bone altar of Kikubaaqudgha.
  4480 | D:6      | Found a shimmering altar of Xom.
  4518 | D:6      | Found a white marble altar of Elyvilon.
  4538 | D:6      | Gained mutation: You expend magic power (3 MP) to strengthen your wands. [mutagenic meat]
  4539 | D:6      | Gained mutation: Your magical capacity is low (-10% MP). [mutagenic meat]
  4540 | D:6      | Gained mutation: Your magical capacity is very low (-20% MP). [mutagenic meat]
  4541 | D:6      | Gained mutation: Scrolls take you a little longer to read. [mutagenic meat]
  4580 | D:6      | Noticed Prince Ribbit
  4600 | D:6      | Killed Prince Ribbit
  4600 | D:6      | Reached skill level 10 in Axes
  4802 | D:6      | Acquired Yredelemnul's second power
  5074 | D:7      | Noticed Joseph
  5111 | D:7      | Killed Joseph
  5111 | D:7      | Reached skill level 11 in Axes
  5111 | D:7      | Gained mutation: You passively map the area around you. [Deep Dwarf growth]
  5111 | D:7      | Reached XP level 9. HP: 8/85 MP: 7/7
  5356 | D:7      | Found a staircase to the Ecumenical Temple.
  5530 | D:7      | Cast into the Abyss (orc)
  5576 | Abyss:1  | Noticed a sixfirhy
  5576 | Abyss:1  | Noticed a large abomination
  5606 | Abyss:1  | HP: 1/86 [large abomination (8)]
  5607 | Abyss:1  | Mangled by a large abomination

Vault maps used:
D:1:      dpeg_arrival_pits, minmay_misc_feat_iff, grunt_decor_cap
D:2:      nicolae_overflow_crystal_walls
D:3:      gammafunk_temple_overflow_wave, lemuel_round_altar, st_stairs_7,
          minmay_fountain_box, grunt_decor_fettered, okawaru_ov_weapons_minmay
D:4:      first_bread, kennysheep_cross_room, corexii_checkpoint_a, uniq_robin,
          uniq_sigmund
D:5:      grunt_gozag_statues
D:6:      elyvilon_altar_5, amethyst_overflow_temple_binary, uniq_prince_ribbit1
D:7:      statuecave_lemuel, led_sif_book, temple_pool_b, basic_altar,
          uniq_joseph

Action                   |  1- 3 |  4- 6 |  7- 9 || total
-------------------------+-------+-------+-------++-------
Melee: War axe           |   137 |   148 |   339 ||   624
Throw: Javelin           |       |     2 |     3 ||     5
Invok: Injury Mirror     |       |       |     1 ||     1
 Abil: Device Recharging |       |       |     1 ||     1
Evoke: Wand              |       |     4 |    10 ||    14
  Use: Scroll            |     5 |       |     3 ||     8
       Potion            |     1 |     4 |     8 ||    13
  Eat: Chunk             |     3 |     5 |     9 ||    17
       Pizza             |       |       |     2 ||     2
       Meat ration       |       |       |     1 ||     1
       Royal jelly       |       |       |     1 ||     1
